Unix NetHack Version 3.7.0-89 Work-in-progress - last build Sep 24 2023 19:26:52 (48e034876007844a536bf88644040a71d2893410,branch:master). Game began 2023-09-27 15:57:55, ended 2023-09-29 23:30:15. BeanNighe, lawful male human Samurai --- .. . |... ...... |.............. |..)... ....... ----- |.....?.. ... ...| ------... ---------..-- --%- |.......|...-- ..). |...@...|@...---....). |...@..@A....@-...... |.......|..@.--- ... |.......|...-- ---------..-- ...| ----- BeanNighe the Kokushu St:25 Dx:17 Co:18 In:16 Wi:18 Ch:11 Lawful Astral Plane $:0 HP:299(299) Pw:67(71) AC:-38 Xp:21/10007433 T:46311 Latest messages: The blast of fire bounces! Eric the invisible Traveler wields a long sword! Eric the invisible Traveler zaps a wand of lightning! The bolt of lightning whizzes by you! You are blinded by the flash! You hear a chugging sound. A nearby voice intones: "Pilgrim, you enter a sacred place!" What do you want to use or apply? [bhkqstvHMNXY or ?*] You can see again. Eric the invisible Traveler turns to flee. The Angel of Raijin swings his long sword at it. The Angel of Raijin hits it. The Angel of Raijin's long sword is not affected by heat. The Angel of Raijin swings his long sword at it. The Angel of Raijin hits it. The Angel of Raijin hits it. The priestess of Raijin swings her mace at it. The priestess of Raijin hits it. You hit Eric the invisible Traveler with the chickatrice corpse. Eric the invisible Traveler is slowing down. Eric the invisible Traveler turns to stone. You see here a statue of a tourist named Eric the Traveler. The high priest wields a mace! You stop. The high priest of Amaterasu Omikami doesn't want to swap places. There is a high altar to Amaterasu Omikami (lawful) here. What do you want to wield? [- ah or ?*] a - the blessed rustproof +8 Excalibur (weapon in hand). What do you want to use or apply? [bhkqstvHMNXY or ?*] J - the blessed rustproof +7 Sunsword. What do you want to wear? [*] That is a silly thing to wear. What do you want to wield? [- ahJ or ?*] J - the blessed rustproof +7 Sunsword (weapon in hand). Sunsword begins to shine brilliantly! The Angel of Raijin zaps you with a magic missile! The magic missile whizzes by you! The magic missile bounces! What do you want to drink? [m or ?*] You feel completely healed. The Angel of Raijin zaps you with a magic missile! The magic missile whizzes by you! The magic missile bounces! # What do you want to sacrifice? [o or ?*] You offer the Amulet of Yendor to Amaterasu Omikami... An invisible choir sings, and you are bathed in radiance... The voice of Amaterasu Omikami thunders: "Mortal, thou hast done well!" "In return for thy service, I grant thee the gift of Immortality!" You ascend to the status of Demigod... Inventory: Amulets ('"') D - a blessed amulet of life saving (being worn) Weapons (')') a - the blessed rustproof +8 Excalibur J - the blessed rustproof +7 Sunsword (weapon in hand, brilliantly lit) Armor ('[') u - an uncursed tempered +5 helm of brilliance (being worn) f - a blessed rustproof +2 pair of gauntlets of power (being worn) g - a blessed fireproof +4 pair of speed boots (being worn) e - a blessed +1 shield of reflection (being worn) V - a blessed +5 cloak of magic resistance (being worn) x - an uncursed +3 Hawaiian shirt with a flamingo motif (being worn) z - a blessed +5 gray dragon scale mail (being worn) Comestibles ('%') E - a blessed partly eaten chickatrice corpse U - an uncursed lizard corpse Rings ('=') w - a blessed ring of conflict (on right hand) y - an uncursed ring of free action (on left hand) C - an uncursed ring of shock resistance Wands ('/') Y - an uncursed wand of cancellation (0:8) v - an uncursed wand of death (0:0) H - an uncursed wand of death (0:0) N - an uncursed wand of digging (0:1) q - an uncursed wand of teleportation (0:6) X - an uncursed wand of wishing (0:0) Tools ('(') b - a blessed bag of holding containing 110 items s - a cursed bugle M - an uncursed magic marker (1:37) k - an uncursed skeleton key named pois|s'invis|sleep|cold t - an uncursed towel named fire h - a blessed +0 unicorn horn Gems/Stones ('*') d - a blessed luckstone Contents of the bag of holding: 188 gold pieces a blessed amulet of flying an uncursed amulet of guarding an uncursed amulet of life saving an uncursed amulet of magical breathing an uncursed amulet of reflection an uncursed amulet of reflection a cursed amulet of reflection a cursed -1 helm of opposite alignment an uncursed +0 pair of gauntlets of dexterity an uncursed fireproof +0 pair of water walking boots a blessed +0 alchemy smock with text "Don't make me poison you" an uncursed haggis 2 uncursed bananas an uncursed clove of garlic an uncursed cream pie 3 uncursed fortune cookies an uncursed partly eaten gunyoki 3 uncursed gunyoki 17 uncursed kelp fronds 2 uncursed oranges 3 uncursed pancakes an uncursed tin of jackal meat an uncursed tin of plains centaur meat an uncursed egg 3 uncursed lichen corpses 4 uncursed lizard corpses a blessed scroll of blank paper 5 uncursed scrolls of blank paper 3 blessed scrolls of charging a cursed scroll of create monster an uncursed scroll of destroy armor a blessed scroll of fire a blessed scroll of identify 2 uncursed scrolls of identify 4 blessed scrolls of remove curse an uncursed scroll of remove curse a blessed scroll of taming a blessed scroll of teleportation 5 uncursed scrolls of teleportation an uncursed novel named The Amazing Maurice and His Educated Rodents a blessed potion of confusion 4 uncursed potions of confusion 2 uncursed potions of enlightenment 4 blessed potions of extra healing an uncursed potion of fruit juice 4 blessed potions of full healing a cursed potion of full healing 2 uncursed potions of hallucination a blessed potion of healing 6 uncursed potions of healing an uncursed potion of oil a blessed potion of polymorph an uncursed potion of polymorph a blessed potion of speed 7 uncursed potions of speed 2 potions of holy water 4 potions of unholy water an uncursed ring of conflict an uncursed ring of fire resistance an uncursed +2 ring of gain constitution an uncursed ring of levitation an uncursed ring of polymorph an uncursed ring of polymorph an uncursed ring of polymorph control an uncursed ring of polymorph control an uncursed ring of protection from shape changers an uncursed ring of regeneration an uncursed ring of shock resistance an uncursed ring of slow digestion a cursed ring of stealth an uncursed ring of sustain ability an uncursed ring of sustain ability an uncursed ring of teleport control an uncursed ring of teleport control an uncursed wand of cold (0:4) an uncursed wand of cold (0:4) an uncursed wand of create monster (0:12) an uncursed wand of create monster (0:11) an uncursed wand of create monster (0:10) an uncursed wand of create monster (0:0) an uncursed wand of death (0:2) an uncursed wand of digging (0:5) an uncursed wand of digging (0:4) an uncursed wand of digging (0:4) an uncursed wand of digging (0:3) an uncursed wand of digging (0:2) an uncursed wand of fire (0:6) an uncursed wand of fire (0:6) an uncursed wand of fire (0:4) an uncursed wand of light (0:12) an uncursed wand of light (0:12) an uncursed wand of lightning (0:7) an uncursed wand of lightning (0:6) an uncursed wand of lightning (0:3) an uncursed wand of polymorph (0:0) an uncursed wand of probing (3:6) an uncursed wand of secret door detection (0:9) an uncursed wand of speed monster (0:4) an uncursed wand of striking (0:4) an uncursed wand of striking (0:3) an uncursed wand of teleportation (0:2) an uncursed wand of teleportation (0:0) an uncursed wand of undead turning (0:7) an uncursed magic flute (0:8) an uncursed magic whistle an uncursed +0 pick-axe an uncursed stethoscope an uncursed +0 unicorn horn 2 uncursed aquamarine stones BeanNighe the Samurai's attributes: Background: You were a Kokushu, a level 21 male human Samurai. You were lawful, on a mission for Amaterasu Omikami who was opposed by Raijin (neutral) and Susanowo (chaotic). You started out female. You were in the endgame, on the Astral Plane. You entered the dungeon 46311 turns ago. It was nighttime. There was a full moon in effect when your adventure ended. You had 10007433 experience points, 9992567 more were needed for level 22. Basics: You had all 299 hit points. You had 67 out of 71 energy points (spell power). Your armor class was -38. Your wallet was empty, but you had 188 zorkmids stashed away in your pack. Autopickup was off. Final Characteristics: Your strength was 25 (base:18/03, innate limit:18/100). Your dexterity was 17 (peak:18, limit:18). Your constitution was 18 (limit:18). Your intelligence was 16 (base:11, limit:18). Your wisdom was 18 (base:13, limit:18). Your charisma was 11 (limit:18). Final Status: You were not hungry. You were unencumbered. You were wielding a long sword. You had expert skill with long sword. Final Attributes: You were piously aligned. You were magic-protected. You were fire resistant. You were cold resistant. You were sleep resistant. You were disintegration resistant. You were poison resistant. You saw invisible. You were telepathic. You were stealthy. You caused conflict. You had a moderate defense bonus (+8). You were warded. You were very fast. You had reflection. You had free action. Your life would have been saved. You were very lucky. You had extra luck. Good luck did not time out for you. You survived after being killed once. Miscellaneous: You disabled loading of bones levels. Total elapsed playing time was 11 hours, 9 minutes and 36 seconds. Major events: Turn 1: BeanNighe the lawful female human Samurai entered the dungeon 750: attained the rank of Ronin (level 3) 2262: entered the Gnomish Mines 2630: received Excalibur from a strange woman laying about in a pond 3004: attained the rank of Ninja (level 6) 3689: reached Mine Town 6121: entered Sokoban 6756: completed 2nd Sokoban level 6844: made his first wish - "3 blessed scrolls of charging", got "3 scrolls called 300" 6947: wished for "blessed greased +3 gray dragon scale mail", got "a greased gray dragon scale mail" 6965: wished for "blessed fixed +3 shield of reflection", got "a polished silver shield" 6966: wished for "blessed fireproof +3 speed boots", got "a pair of mud boots" 6988: wished for "blessed amulet of life saving", got "a perforated amulet" 7006: averted death (poisoned by a rotted soldier ant corpse) 7252: completed 3rd Sokoban level 7857: completed 4th Sokoban level 10897: attained the rank of Joshu (level 10) 17841: acquired the Sokoban amulet of reflection 20817: was bestowed with Sunsword by Amaterasu Omikami 24027: performed his first genocide (class L) 26936: killed Medusa 28923: entered Gehennom 29362: attained the rank of Ryoshu (level 14) 32835: wished for "blessed amulet of life saving", got "an amulet of life saving" 33013: found the Tsurugi of Muramasa carried by a monster 33014: killed Ashikaga Takauji 33016: acquired the Bell of Opening 36067: genocided class h 37392: bribed Asmodeus with 69 zorkmids for safe passage 37668: killed Juiblex 38596: killed Baalzebub 38754: killed Orcus 40481: destroyed Vlad the Impaler 40482: acquired the Candelabrum of Invocation 42008: wished for "uncursed magic marker", got "a magic marker" 42906: killed the Wizard of Yendor 42907: acquired the Book of the Dead 43263: performed the invocation 43541: killed the Wizard of Yendor (2nd time) 43783: killed the high priest of Moloch 43799: acquired The Amulet of Yendor 45039: killed the Wizard of Yendor (3rd time) 45983: entered the Elemental Planes 45983: entered Plane of Earth 46004: entered Plane of Air 46108: entered Plane of Fire 46129: entered Plane of Water 46251: attained the rank of Kokushu (level 18) 46256: wished for "blessed partially eaten chickatrice corpse", got "a partly eaten chickatrice corpse" 46259: entered the Astral Plane 46291: killed Famine 46311: ascended Vanquished creatures: Baalzebub Orcus Juiblex the Wizard of Yendor (4 times) Famine Vlad the Impaler a high cleric 2 mastodons Medusa 7 krakens 2 glass golems 2 balrogs 7 purple worms a gray dragon 2 silver dragons 11 red dragons 3 white dragons 2 orange dragons 5 black dragons a blue dragon 4 green dragons 19 minotaurs a jabberwock Ashikaga Takauji 9 baluchitheria 3 stone golems 7 Olog-hai a Nazgul 6 pit fiends 2 sandestins 4 hell hounds 3 displacer beasts 4 titanotheres a trapper a baby silver dragon a baby black dragon 3 genetic engineers 3 disenchanters 28 vampire leaders 6 skeletons 16 aligned clerics 6 captains 5 shades a lich 6 water trolls 2 clay golems 10 nurses 6 ice devils 2 nalfeshnees 10 lurkers above an Aleax 2 frost giants 4 ettins 8 black puddings 36 vampires 5 lieutenants 34 ghosts 10 samurai a tourist a valkyrie a queen bee 3 winged gargoyles 13 giant mimics 7 long worms 10 zruties 3 fire giants 6 ogre tyrants 4 ice trolls 5 rock trolls 2 umber hulks 3 flesh golems 7 elven monarchs 3 doppelgangers 3 hezrous 12 bone devils 11 large mimics 4 wumpuses 2 fire vortices a couatl 35 stalkers 11 air elementals 9 fire elementals 4 earth elementals 16 water elementals 9 hill giants 7 giant mummies 2 black nagas 3 xorns 22 giant zombies 5 elf-nobles 14 sergeants 6 barbed devils 14 vrocks 3 salamanders 16 wargs 5 winter wolves 4 hell hound pups 12 small mimics 2 warhorses 10 steam vortices 11 xans 5 ettin mummies 5 ogre leaders 8 quantum mechanics 29 trolls 4 sasquatches 3 wood golems 3 erinyes 10 mariliths a djinni 4 sharks 2 electric eels 8 gelatinous cubes 6 pyrolisks 3 freezing spheres 9 flaming spheres 2 shocking spheres a large cat 6 tigers 15 gargoyles a dwarf ruler a tengu 8 ochre jellies 9 leocrottas 10 energy vortices 3 mountain centaurs 7 elf mummies 4 human mummies 7 red nagas 2 green slimes 3 pythons 4 pit vipers 6 cobras 43 wraiths 4 carnivorous apes 8 ettin zombies 4 leather golems 7 Grey-elves 50 soldiers 7 amorous demons 6 horned devils 2 chameleons 3 crocodiles 27 giant beetles 8 quivering blobs 19 cockatrices 63 wolves 3 winter wolf cubs 2 lynxes 2 panthers 5 gremlins 26 leprechauns 11 orc-captains 4 iron piercers 3 mumakil 15 giant spiders 13 scorpions 5 horses 4 ice vortices 7 black lights 8 vampire bats a forest centaur 9 gnome rulers 5 orc mummies 8 dwarf mummies 9 ogres a brown pudding 10 rust monsters 8 owlbears 11 yetis 3 gold golems 3 werewolves 5 Green-elves 3 piranha 11 giant eels 13 lizards 21 ninja 4 chickatrices a dingo 7 dogs 2 housecats 4 jaguars 5 blue jellies a white unicorn a gray unicorn 3 black unicorns 5 dust vortices 4 ravens 10 plains centaurs 5 gnome mummies 4 snakes 8 apes 22 human zombies 9 rope golems 10 Woodland-elves 26 soldier ants 14 fire ants 21 bugbears 2 imps 6 lemures 9 quasits a wood nymph 6 water nymphs 8 mountain nymphs 31 Mordor orcs 9 Uruk-hai 4 orc shamans 5 rock piercers 4 rock moles 6 ponies 7 fog clouds 8 yellow lights 2 shriekers 3 violet fungi 24 gnome leaders 8 gnomish wizards 5 kobold mummies 5 gray oozes 10 barrow wights 12 elf zombies 15 ghouls 2 straw golems 4 paper golems 2 jellyfish 36 giant ants 4 little dogs 13 floating eyes a kitten 9 dwarves 9 homunculi 4 kobold leaders 3 kobold shamans 10 hill orcs 16 rothes 3 rabid rats 2 centipedes 4 giant bats 10 monkeys 21 orc zombies 13 dwarf zombies 2 wererats 2 werejackals 11 iguanas 50 killer bees 2 acid blobs 11 coyotes 3 hobbits 9 manes 9 large kobolds 23 hobgoblins 7 giant rats 6 cave spiders 4 yellow molds 2 green molds a red mold 71 gnomes 4 garter snakes 8 gnome zombies 16 geckos 25 jackals 3 foxes 2 kobolds 8 goblins 2 sewer rats 17 grid bugs 5 bats 9 lichens 11 kobold zombies 12 newts 2175 creatures vanquished. Genocided or extinct species: arch-liches master liches demiliches master mind flayers liches mind flayers erinyes (extinct) dwarf rulers dwarf leaders bugbears dwarves hobbits 11 species genocided. 1 species extinct. Voluntary challenges: You read items or engraved 128 times. You engraved Elbereth 12 times. You genocided 11 types of monsters. You never changed form. You used 8 wishes. You did not wish for any artifacts. You did not violate any of the special Sokoban rules. Achievements: You entered a shop. You attained the rank of Ronin. You entered the Gnomish Mines. You attained the rank of Ninja. You entered Minetown. You entered a temple. You entered Sokoban. You attained the rank of Joshu. You completed Sokoban. You defeated Medusa. You entered Gehennom. You attained the rank of Ryoshu. You handled the Bell of Opening. You handled the Candelabrum of Invocation. You handled the Book of the Dead. You gained access to Moloch's Sanctum. You reached the Elemental Planes. You attained the rank of Kokushu. You reached the Astral Plane. You delivered the Amulet of Yendor. You ascended! The Elemental Planes: Astral Plane: <- You are here. A temple to Amaterasu Omikami. Plane of Water: Plane of Fire: Plane of Air: Plane of Earth: The Dungeons of Doom: levels 1 to 27 Level 1: A fountain. One way stairs up to The Elemental Planes. Level 2: A scroll shop, a fountain. Stairs down to The Gnomish Mines. Level 3: A general store, a fountain. Level 4: A general store. Level 5: A fountain. Level 6: A delicatessen, a fountain. Level 7: Some fountains. Level 8: Many fountains. Oracle of Delphi. Level 9: A fountain. Stairs up to Sokoban, level 8. Level 10: "stash" A scroll shop, many altars to Amaterasu Omikami. Level 11: A temple, a grave. Level 12: A fountain, a sink. Level 13: Level 14: Some fountains, a grave. Level 15: Summoned by Lord Sato. Portal to The Quest. Level 16: A primitive area. Level 17: Level 18: A temple, a fountain. Level 19: An altar to Amaterasu Omikami. Level 20: A fountain. Level 21: A grave. Level 22: A fountain. Level 23: Level 24: Level 25: Level 26: Level 27: A fountain. The castle. Connection to Gehennom. Gehennom: levels 28 to 48 Level 28: A temple, many graves. Valley of the Dead. Level 29: Level 30: Level 31: Level 32: Level 33: A fountain. Level 34: Level 35: Level 36: Level 37: "c here" Some shops, an altar, some graves. Stairs up to Vlad's Tower, level 36. Level 38: Level 39: Level 40: Level 41: Level 42: Level 43: Level 44: Level 45: Level 46: "c here" Level 47: Level 48: A temple, many graves. Moloch's Sanctum. The Gnomish Mines: levels 3 to 11 Level 3: Level 4: Level 5: Many shops, a temple, some fountains, a sink. Level 6: Level 7: Level 8: Level 9: Level 10: Level 11: The Quest: levels 1 to 5 Level 1: Given quest by Lord Sato. Level 2: Level 3: Level 4: Level 5: Sokoban: levels 8 up to 5 Level 5: Solved. Level 6: Solved. Level 7: Solved. Level 8: Unsolved. Vlad's Tower: levels 36 up to 34 Level 34: Level 35: Level 36: Sayonara BeanNighe the Demigod... You went to your reward with 2418254 points, Excalibur (worth 4000 zorkmids and 10000 points) Sunsword (worth 1500 zorkmids and 3750 points) 2 aquamarine stones (worth 3000 zorkmids), 3 amulets of reflection (worth 450 zorkmids), 2 amulets of life saving (worth 300 zorkmids), 1 amulet of magical breathing (worth 150 zorkmids), 1 amulet of guarding (worth 150 zorkmids), 1 amulet of flying (worth 150 zorkmids), and 188 pieces of gold, after 46311 moves. You were level 21 with a maximum of 299 hit points when you ascended.